AoeStats
← Elite Savage

Arena

510504520Analyzed
4v4 RM · 18h ago on Oct 1, 2026· 41m 34s· 8 players
Game mode
Random Map
Map size
Large (8 player)
Population
200
Speed
Normal
Resources
Standard
Victory
Conquest
Starting age
Dark Age
Ending age
Imperial Age
RankedLock teamsTeams togetherTeam positionsShared explorationLock speedFull tech treeHidden civsTurbo modeCheats
Victory
Defeat
🇯🇵 Franks · Japan
732
+18
🇮🇱 Bohemians · Israel
684
+20
🇦🇷 Spanish · Argentina
483
+26
🇨🇳 Wei · China
467
+28
🇩🇪 Malay · Germany
872
-26
🇨🇳 Wu · China
740
-23
🇲🇽 Saxons · Mexico
721
-22
694
-21
Elite Savage
10:50 Feudal Age
11:50 Double-Bit Axe
11:46 Horse Collar
14:51 Castle Age
14:17 Wheelbarrow
15:48 Bow Saw
15:40 Heavy Plow
20:47 Gold Mining
21:45 Loom
23:11 Gold Shaft Mining
23:55 Hand Cart
23:42 Stone Mining
25:01 Treadmill Crane
28:23 Imperial Age
26:47 Stone Shaft Mining
26:24 Forging
26:34 Scale Barding Armor
27:01 Bloodlines
27:43 Iron Casting
28:15 Chain Barding Armor
27:58 Husbandry
28:26 Tuntian
29:28 Conscription
28:57 Town Watch
30:29 Blast Furnace
31:27 Ballistics
32:14 Chemistry
31:17 Fletching
32:40 Crop Rotation
33:16 Bodkin Arrow
33:18 Elite Tiger Cavalry
34:08 Bracer
34:10 Padded Archer Armor
34:49 Ming Guang Armor
35:51 Hoardings
35:54 Masonry
uthman ibn affan
11:39 Feudal Age
15:49 Horse Collar
18:49 Castle Age
17:06 Double-Bit Axe
19:22 Scale Mail Armor
20:40 Heavy Plow
20:40 Pikeman
23:03 Bow Saw
24:27 Arson
24:42 Squires
29:25 Chemistry
30:16 Chain Mail Armor
30:11 Forging
30:26 Ballistics
33:25 Iron Casting
36:09 Imperial Age
37:46 Wheelbarrow
37:39 Bombard Tower
m9a526
13:15 Feudal Age
13:23 Feudal Age
14:43 Wheelbarrow
13:51 Horse Collar
14:00 Double-Bit Axe
17:43 Gold Mining
18:23 Stone Mining
22:53 Castle Age
24:58 Hand Cart
24:46 Heavy Plow
24:58 Bow Saw
OceanAxe81
7:47 Loom
11:24 Feudal Age
16:09 Castle Age
14:07 Double-Bit Axe
15:40 Gold Mining
18:58 Bow Saw
22:38 Wheelbarrow
22:13 Scale Barding Armor
25:52 Stone Mining
27:16 Gold Shaft Mining
27:52 Hand Cart
30:03 Chain Barding Armor
32:57 Imperial Age
30:15 Town Watch
31:19 Ballistics
30:55 Murder Holes
30:44 Treadmill Crane
31:26 Ballistics
31:58 Town Patrol
32:18 Forging
32:02 Fletching
32:40 Forging
32:34 Murder Holes
32:50 Masonry
33:15 Husbandry
33:24 Bodkin Arrow
33:02 Cavalier
34:07 Conscription
34:48 Plate Barding Armor
36:02 Iron Casting
39:55 Blast Furnace
41:34 Scale Mail Armor
41:42 Siege Engineers
41:07 Paladin
ostiinn
0:29 Loom
8:56 Loom
12:22 Feudal Age
12:54 Horse Collar
16:27 Castle Age
14:42 Double-Bit Axe
15:15 Stone Mining
15:48 Gold Mining
17:25 Wheelbarrow
17:40 Bow Saw
18:12 Heavy Plow
31:33 Imperial Age
29:56 Squires
29:20 Pikeman
32:04 Ballistics
31:57 Fortified Wall
31:40 Capped Ram
31:48 Elite Hearth Troop
32:38 Halberdier
33:02 Elite Hearth Troop
34:48 Shield Wall
38:10 Scale Mail Armor
38:21 Forging
MamDé62
0:32 Loom
10:55 Feudal Age
11:51 Wheelbarrow
11:02 Town Watch
11:31 Double-Bit Axe
11:31 Horse Collar
22:12 Castle Age
20:19 Stone Mining
20:27 Gold Mining
23:47 Heavy Plow
24:06 Bow Saw
25:13 Hand Cart
25:02 Town Patrol
26:01 Fletching
28:12 Stone Shaft Mining
28:28 Gold Shaft Mining
28:00 Murder Holes
28:24 Caravan
33:06 Imperial Age
31:32 Husbandry
31:53 Forging
33:40 Scale Barding Armor
Miky Way
10:43 Feudal Age
12:00 Double-Bit Axe
12:39 Horse Collar
16:59 Castle Age
16:24 Wheelbarrow
18:09 Bow Saw
18:02 Heavy Plow
19:59 Stone Mining
22:44 Gold Mining
27:14 Forging
27:04 Scale Mail Armor
27:56 Pikeman
31:15 Imperial Age
29:03 Hand Cart
28:35 Loom
29:44 Ballistics
29:41 Fletching
29:52 Padded Archer Armor
29:52 Town Watch
31:03 Squires
30:50 Arson
31:16 Bodkin Arrow
32:10 Leather Archer Armor
32:28 Caravan
33:23 Gold Shaft Mining
34:17 Bracer
36:25 Chemistry
不穿内裤真龙不被束缚
1:07 Loom
13:09 Feudal Age
13:56 Horse Collar
17:35 Castle Age
16:34 Double-Bit Axe
19:54 Heavy Plow
19:57 Stone Mining
21:57 Bow Saw
29:46 Squires
31:30 Scale Barding Armor
31:26 Scale Mail Armor
31:36 Forging
32:10 Gold Mining
34:53 Chain Barding Armor
34:48 Chain Mail Armor
35:09 Iron Casting
35:04 Man-at-Arms
35:04 Pikeman
36:15 Long Swordsman
Connection lost

Rejoining the realm…

Still unreachable

The connection could not be restored.

Session expired

The server has moved on; the page needs a fresh start.